Map: Catalyseur EC

Players

Duhrey

  • Race: Zerg Zerg
  • League: Platinum
  • Spawn Location: 11:00

HoldTheDoor - Winner!

  • Race: Protoss Protoss
  • League: Diamond
  • Spawn Location: 5:00

VOD

Have the link to the VOD?

Description

Time

  • Played on: July 7, 2018, 2:50 p.m.
  • Length: 7:32
Show
View Real Time Build Order
Export as new Build Order

Duhrey Zerg 

Build Orders: Hatch First 

Get SALT Encoding   

  12  0:01  Drone  
  13  0:13  Overlord  
  13  0:17  Drone  
  14  0:31  Drone x2  
  14  0:35  Drone  
  17  0:45  Drone  
  18  0:59  Hatchery  
  18  1:02  Extractor  
  16  1:14  Spawning Pool  
  15  1:39  Drone  
  17  1:40  Drone x2  
  18  1:53  Drone  
  19  2:01  Queen  
  19  2:02  Zergling x2  
  22  2:14  Drone  
  23  2:28  Hatchery  
  22  2:33  Drone  
  22  2:35  Drone  
  24  2:45  Drone  
  24  2:47  Drone x2  
  24  2:48  Drone  
  28  2:58  Overlord  
  28  3:00  Overlord  
  28  3:13  Metabolic Boost  
  28  3:15  Overlord  
  28  3:18  Drone  
  28  3:19  Drone x2  
  31  3:21  Drone  
  31  3:23  Drone  
  33  3:29  Queen  
  33  3:33  Drone  
  36  3:35  Drone  
  36  3:40  Drone  
  38  3:51  Drone x2  
  38  3:55  Drone  
  41  4:07  Evolution Chamber  
  40  4:12  Evolution Chamber  
  40  4:13  Roach Warren  
  38  4:21  Drone x5  
  38  4:22  Drone x2  
  45  4:29  Extractor  
  45  4:30  Extractor, Drone x3  
  46  4:33  Zerg Missile Weapons Level 1  
  46  4:35  Drone x2  
  46  4:38  Hatchery  
  47  4:45  Lair  
  47  4:52  Drone x2  
  49  4:53  Drone  
  50  5:00  Spore Crawler  
  50  5:02  Spine Crawler  
  50  5:06  Roach x3  
  53  5:07  Spine Crawler  
  53  5:08  Overlord  
  52  5:15  Overlord, Roach  
  52  5:16  Overlord  
  52  5:17  Queen  
  56  5:23  Overlord x2  
  56  5:28  Zerg Ground Armor Level 1  
  56  5:35  Zergling x2  
  56  5:36  Zergling x10  
  56  5:39  Queen  
  64  5:44  Drone  
  65  6:11  Roach x2  
  69  6:17  Drone x5  
  69  6:18  Drone x7  
  79  6:19  Drone  
  79  6:25  Queen x3  
  82  6:26  Queen  
  88  7:04  Roach x7  
  88  7:07  Overlord  
  88  7:08  Overlord x3  
Show
View Real Time Build Order
Export as new Build Order

HoldTheDoor Protoss - Winner!

Build Orders: 1 Gate Expand 

Get SALT Encoding   

  12  0:00  Probe  
  13  0:12  Probe  
  14  0:20  Pylon  
  14  0:25  Probe  
  15  0:38  Probe  
  16  0:46  Assimilator, Gateway  
  16  0:48  Probe  
  16  0:56  Probe  
  18  1:05  Probe  
  19  1:17  Probe, Pylon  
  20  1:37  Nexus  
  20  1:42  Cybernetics Core  
  20  1:46  Assimilator  
  20  1:48  Probe  
  21  1:56  Pylon  
  21  2:00  Probe  
  22  2:09  Pylon  
  22  2:12  Probe  
  23  2:20  Adept  
  23  2:21  Warp Gate  
  25  2:24  Probe  
  26  2:36  Probe  
  27  2:38  Twilight Council  
  27  2:48  Sentry, Probe  
  30  2:53  Gateway  
  30  2:54  Probe  
  31  3:00  Probe  
  32  3:07  Probe  
  32  3:12  Probe  
  34  3:19  Robotics Facility, Probe  
  35  3:22  Adept  
  35  3:25  Probe  
  38  3:29  Resonating Glaives  
  38  3:31  Probe  
  39  3:38  Probe, Pylon  
  40  3:44  Probe  
  41  3:49  Gateway  
  41  3:53  Probe  
  42  4:00  Pylon  
  42  4:05  Warp Prism  
  42  4:07  Probe x2  
  46  4:13  Gateway  
  46  4:17  Pylon  
  46  4:21  Probe x2  
  48  4:27  Sentry x2  
  52  4:36  Gateway  
  52  4:38  Immortal, Pylon  
  52  4:40  Gateway  
  56  4:53  Adept  
  56  4:54  Adept x2  
  62  5:17  Gateway  
  62  5:19  Immortal  
  62  5:20  Gateway  
  62  5:22  Gateway  
  62  5:24  Pylon  
  62  5:26  Pylon  
  62  5:28  Pylon  
  62  5:29  Pylon  
  66  5:36  Adept  
  66  5:37  Adept  
  66  5:39  Adept  
  66  5:42  Sentry  
  74  5:44  Adept  
  74  5:46  Adept  
  78  6:25  Pylon  
  78  6:27  Pylon  
  78  6:29  Pylon  
  78  6:39  Adept x4  
  86  6:40  Adept x2  
  90  6:56  Adept x3  
  96  7:01  Adept x4  
  96  7:02  Adept x2  
  108  7:20  Adept x3  
  110  7:24  Adept x6  
Tags
 
Add a new tag
Caveats
  • Supply blocks, unpowered buildings, or Contaminate may cause inaccurate times.
  • Supply counts are checked every 10 seconds.